 Dungeon Crawl Stone Soup version 0.20-a0-993-gba41c3c (webtiles) character file.

17 Leszczynek the Caller (level 2, 21/24 HPs)
             Began as an Ogre Summoner on Apr 11, 2017.
             Quit the game on level 2 of the Dungeon.
             The game lasted 00:02:42 (394 turns).

Leszczynek the Caller (Ogre Summoner)                Turns: 394, Time: 00:02:42

Health: 21/24      AC:  3    Str: 11    XL:     2   Next: 62%
Magic:  5/5        EV: 14    Int: 16    God:
Gold:   64         SH:  0    Dex:  9    Spells: 3/6 levels left

rFire    . . .     SeeInvis .   e - +0 short sword
rCold    . . .     Gourm    .   (no shield)
rNeg     . . .     Faith    .   a - +0 robe
rPois    .         Spirit   .   (helmet restricted)
rElec    .         Reflect  .   (no cloak)
rCorr    .         Harm     .   (gloves unavailable)
MR       .....                  (boots unavailable)
Stlth    ++........             (no amulet)
Regen    0.1/turn               j - +4 ring of evasion
MPRegen  0.1/turn               (no ring)

@: no status effects
A: unfitting armour, tough skin 1
a: no special abilities


You were on level 2 of the Dungeon.
You were not hungry.

You visited 1 branch of the dungeon, and saw 2 of its levels.

You collected 64 gold pieces.

Inventory:

Hand Weapons
 e - a +0 short sword (weapon)
 f - a +0 dagger of protection
Armour
 a - a +0 robe (worn)
Jewellery
 j - a +4 ring of evasion (left hand)
Potions
 c - 2 potions of cancellation
 h - a potion of degeneration {unknown}
 k - a potion of agility {unknown}
 l - 2 potions of mutation {unknown}
Books
 b - a book of Callings

   Spells                             Type                      Level
   a - Summon Small Mammal            Summoning                    1
   b - Call Imp                       Summoning                    2
   c - Call Canine Familiar           Summoning                    3
   d - Summon Guardian Golem          Hexes/Summoning              3
   e - Summon Lightning Spire         Summoning/Air                4
   f - Summon Ice Beast               Ice/Summoning                4
Comestibles
 d - 2 bread rations
 g - 11 chunks of flesh
 i - a fruit
 m - a royal jelly


   Skills:
 + Level 1.9 Dodging
 + Level 2.0 Stealth
 + Level 2.5 Spellcasting
 + Level 3.8 Summonings


You had 3 spell levels left.
You knew the following spells:

 Your Spells              Type           Power        Failure   Level  Hunger
a - Summon Small Mammal   Summ           ##..         6%          1    #......
b - Call Imp              Summ           ##......     10%         2    ##.....


Dungeon Overview and Level Annotations

Branches:
Dungeon (2/15)

Altars:


Innate Abilities, Weirdness & Mutations

You are too large for most types of armour.
You have tough skin. (AC +1)


Message History

No target in view!
Okay, then.
As you read the scroll labeled RUIDAY TYPHATI, it crumbles to dust.
It is a scroll of identify.
c - 2 potions of cancellation A frilled lizard comes into view.
Unknown command.
Unknown command.
You closely miss the frilled lizard. The frilled lizard closely misses you.
You hit the frilled lizard.
You kill the frilled lizard!
Your Stealth skill increases to level 2!
No target in view!
No target in view!
Unknown command.
You see here a frilled lizard corpse.
You butcher the frilled lizard corpse.
g - 11 chunks of flesh (gained 1)
You see here a frilled lizard skeleton.
Are you sure you want to abandon this character and quit the game? (Confirm with "yes".)

### #.. #
#.# #.#.#
#.#.##
#..@.#
###..##
#...#
#.#.# #.#
.# #.#.#
#.# #.#
#.#.# #.#
#.# #.#.#
#.# #.#
#.#รท###.#
#.# #.#
#.......#


There were no monsters in sight!

Vanquished Creatures
  A giant cockroach (D:2)
  A goblin (D:1)
  2 hobgoblins (D:1)
  A frilled lizard (D:2)
  3 rats
8 creatures vanquished.

Vanquished Creatures (collateral kills)
  A leopard gecko (D:1)
  2 goblins
  3 hobgoblins
  4 kobolds
  A rat (D:1)
11 creatures vanquished.

Grand Total: 19 creatures vanquished

Notes
Turn   | Place    | Note
-------+----------+-------------------------------------------
     0 | D:1      | Leszczynek the Ogre Summoner began the quest for the Orb.
     0 | D:1      | Reached XP level 1. HP: 16/16 MP: 3/3
   142 | D:1      | Reached XP level 2. HP: 10/24 MP: 3/5
   146 | D:1      | Learned a level 2 spell: Call Imp
   383 | D:2      | Reached skill level 2 in Stealth
   394 | D:2      | Quit the game

Vault maps used:
D:1:      dpeg_arrival_lava_temple_mockup, hangedman_decor_growths,
          amethyst_killhole, minmay_misc_feat_pillars
D:2:      serial_bayou_lagoon_a, uniq_crazy_yiuf_cottage

Skill      XL: |  1  2 |
---------------+-------+-----
Stealth        | 2 |  2.0
Dodging        | |  1.9
Spellcasting   | |  2.5
Summonings     | |  3.8

Action                   || total
-------------------------++-------
Melee: Short sword       ||    33
       Unarmed           ||     3
 Cast: Summon Small Mamm ||     6
       Call Imp          ||     3
  Use: Scroll            ||     1
 Stab: Sleeping          ||     3
Armor: Robe              ||     1
Dodge: Dodged            ||    17
